 Dungeon Crawl Stone Soup version 0.29.1-13-g9f3cf754e1 (webtiles) character file.

Game seed: 10936419455887001842

39 Hrothgar the Trooper (level 3, -22/33 HPs)
             Began as a Hill Orc Fighter on Jan 24, 2023.
             Annihilated by an ogre
             ... wielding a +0 giant spiked club
              (34 damage)
             ... on level 3 of the Dungeon.
             The game lasted 00:02:31 (1217 turns).

Hrothgar the Trooper (Hill Orc Fighter)             Turns: 1217, Time: 00:02:32

Health: -22/33     AC:  6    Str: 18    XL:     3   Next: 47%
Magic:  3/3        EV:  9    Int: 10    God:
Gold:   77         SH:  4    Dex: 10    Spells: 2/2 levels left

rFire   . . .      SeeInvis .   a - +0 war axe
rCold   . . .      Faith    .   c - +0 buckler
rNeg    . . .      Spirit   .   b - +0 scale mail
rPois   .          Reflect  .   (no helmet)
rElec   .          Harm     .   (no cloak)
rCorr   .          Rampage  .   (no gloves)
Will    .....                   (no boots)
Stlth   ..........              (no amulet)
HPRegen 0.11/turn               (no ring)
MPRegen 0.08/turn               (no ring)

@: mighty
A: no striking features
a: no special abilities


You were on level 3 of the Dungeon.
You visited 1 branch of the dungeon, and saw 3 of its levels.

You collected 77 gold pieces.

Inventory:

Hand Weapons
 a - a +0 war axe (weapon)
Armour
 b - a +0 scale mail (worn)
 c - a +0 buckler (worn)
Potions
 e - a potion of curing {unknown}


   Skills:
 * Level 3.8 Fighting
 * Level 3.3 Axes
 * Level 3.6 Armour
 * Level 0.2 Dodging
 * Level 0.4 Stealth
 * Level 3.7 Shields
 * Level 0.3 Spellcasting


You had 2 spell levels left.
You didn't know any spells.
Your spell library contained the following spells:

 Spells                   Type           Power      Damage    Failure   Level
 Beastly Appendage        Tmut           0%         N/A       83%         1


Dungeon Overview and Level Annotations

Branches:
Dungeon (3/15)

Altars:


Message History

The sling bullet hits you but does no damage.
The goblin unwields a +0 sling.
The goblin wields a +0 club.
You block the goblin's attack.
You closely miss the goblin. The goblin hits you but does no damage.
You hit the goblin.
The goblin is heavily wounded.
The goblin hits you with a +0 club. x2
You closely miss the goblin.
The goblin is moderately wounded.
The goblin hits you with a +0 club.
You barely miss the goblin.
The goblin is moderately wounded.
The goblin closely misses you. x2
You slash the goblin!
You kill the goblin!
Things that are here:
a +0 club; a +0 sling You start resting.
HP restored.
You see here a +0 short sword.
Found a stone staircase leading up.
Found 3 gold pieces.
You now have 77 gold pieces (gained 3).
An ogre comes into view. It is wielding a +0 giant spiked club.
The ogre shouts!
You feel very mighty all of a sudden.
You aren't carrying any scrolls.
The ogre closely misses you.
You barely miss the ogre. The ogre barely misses you.
You slash the ogre!
The ogre is heavily wounded.
The ogre hits you with a +0 giant spiked club!!
Ouch! That really hurt!
You closely miss the ogre.
The ogre is heavily wounded.
You hit the ogre.
The ogre is severely wounded.
The ogre hits you with a +0 giant spiked club!!
Ouch! That really hurt!
You die...

...##...........#
...###.....##...####.#
.#...########.........
#......###...####..
##..........#
##.......#..<###
#..............#
#..............#
#.....@...###......
#.....O...# #.##..
#................ .
#.........##..##..
#.........# # ..#
#.........# ..
#.........#
#.........#


You could see an ogre.

Vanquished Creatures
  2 adders (D:2)
  A dart slug (D:2)
  An endoplasm (D:2)
  2 giant cockroaches
  2 goblins
  A hobgoblin (D:2)
  2 quokkas (D:1)
  2 ball pythons (D:2)
  3 bats
  A frilled lizard (D:1)
  A kobold (D:3)
  3 rats
21 creatures vanquished.

Vanquished Creatures (others)
  6 plants (D:1)
6 creatures vanquished.

Grand Total: 27 creatures vanquished

Notes
Turn   | Place    | Note
-------+----------+-------------------------------------------
     0 | D:1      | Hrothgar the Hill Orc Fighter began the quest for the Orb.
     0 | D:1      | Reached XP level 1. HP: 19/19 MP: 1/1
   138 | D:1      | Found a faded altar of an unknown god.
   155 | D:1      | Got Plato's Vellum of Shapeshifting
   374 | D:1      | Reached XP level 2. HP: 27/27 MP: 2/2
   696 | D:2      | Reached XP level 3. HP: 31/33 MP: 3/3
  1207 | D:3      | Noticed an ogre
  1217 | D:3      | Annihilated by an ogre

Illustrated notes

Levels and vault maps discovered:
D:1:      eino_arrival_tree_alley, layout_loops_corners,
          shapermc_ecumenical_altar_rom_forum
D:2:      layout_rooms, basic_altar, kennysheep_cross_bottleneck
D:3:      layout_rooms, mainiacjoe_overflow_tiny_flanked, minmay_distorted,
          uniq_jessica

Skill      XL: |  1  2 |
---------------+-------+-----
Axes           | 3 |  3.3
Fighting       | |  3.8
Armour         | |  3.6
Dodging        | |  0.2
Stealth        | |  0.4
Shields        | |  3.7
Spellcasting   | |  0.3

Action                   || total
-------------------------++-------
Melee: War axe           ||    62
  Use: Potion            ||     1
Armor: Scale mail        ||    39
Dodge: Dodged            ||    38
Block: Buckler           ||    18
